[Event "Late-Titled-Tuesday-Blitz-March-19-2024"]
[Site "Chess.com"]
[Date "2024.03.19"]
[Round "11"]
[White "Rud_Makarian"]
[Black "jefferyx"]
[Result "0-1"]
[WhiteElo "3006"]
[BlackElo "3105"]
[TimeControl "180+1"]
[EndTime "16:04:59 PDT"]
[Termination "jefferyx won by resignation"]

1. d4 f5 2. c4 Nf6 3. Nc3 g6 4. g3 Bg7 5. Bg2 O-O 6. Nf3 d6 7. O-O Nc6 8. d5 Na5 9. Qd3 e5 10. dxe6 Bxe6 11. b3 Nc6 12. Bb2 Ne4 13. Qc2 Qf6 14.
Rac1 Rae8 15. Nd1 Qe7 16. Bxg7 Qxg7 17. a3 g5 18. Nc3 g4 19. Nxe4 gxf3 20. exf3 fxe4 21.
fxe4 Nd4 22. Qd3 c5 23. Rce1 b5 24. f4 bxc4 25. bxc4 Rb8 26. f5 Rb3 27. Qd1 Bxc4 28. Rf4 Qf6 29. Qh5 Kh8 30. Rh4 Bg8 31. g4 Ne6 32. e5 dxe5 33. Qh6 Nf4 34. Qxf6+ Rxf6 35. Be4 Rd6 36. g5 Nh3+ 37. Kf1 Nxg5 38. Bg2 Rd4 39.
Rh5 Rf4+ 40. Kg1 Rxf5 41. Rh4 Nf3+ 42. Bxf3 Rbxf3 43. Rg4 h5 44. Rg2 Bd5 45. Rd1 Rf1+ 46. Rxf1 Rxf1+ 47. Kxf1 Bxg2+ 48. Kxg2 e4 49. Kf2 c4 50.
Ke3 c3 51. h4 Kg7 52. a4 Kf6 53. a5 Ke5 54. a6 Kd5 55. Kf4 c2 56. Kg5 0-1

[Event "Late-Titled-Tuesday-Blitz-March-19-2024"]
[Site "Chess.com"]
[Date "2024.03.19"]
[Round "11"]
[White "RantomOpening"]
[Black "Fonsofan"]
[Result "0-1"]
[WhiteElo "2606"]
[BlackElo "2743"]
[TimeControl "180+1"]
[EndTime "16:04:59 PDT"]
[Termination "Fonsofan won by checkmate"]

1. c4 a6 2. Nf3 b5 3. e3 bxc4 4.
Nc3 e6 5. Bxc4 Nf6 6. d4 c5 7. d5 Bb7 8. e4 exd5 9. exd5 d6 10. O-O Be7 11. Re1 O-O 12. h3 Nbd7 13. Bf4 Nb6 14. b3 Re8 15. Qd2 Qd7 16. Qd3 h6 17. a4 Nxc4 18.
bxc4 Qc7 19. a5 Bc8 20. Na4 Qxa5 21. Rxe7 Rxe7 22. Bxd6 Re8 23. Bxc5 Ne4 24. Bd4 Qd8 25. Nb6 Rb8 26. c5 Rxb6 27. cxb6 Qxd5 28. Qc2 Bb7 29. Re1 Rc8 30. Qb2 Ng5 31. Re3 f6 32.
Qe2 Nxf3+ 33. Qxf3 Rc1+ 34. Kh2 Qd6+ 35. Qg3 Qxg3+ 36. Kxg3 Kf7 37. Bc3 Rd1 38. Bb4 Rd7 39. Bc5 g5 40. h4 Kg6 41. hxg5 hxg5 42. Re8 Rd5 43. Be3 Rb5 44. Re7 Bd5 45. Ra7 a5 46. Ra6 Kh5 47. b7 f5 48. f4 Bxb7 49. Rf6 Rb3 50. Kf2 Rb2+ 51. Kg3 Rxg2+ 52. Kh3 g4# 0-1

[Event "Late-Titled-Tuesday-Blitz-March-19-2024"]
[Site "Chess.com"]
[Date "2024.03.19"]
[Round "11"]
[White "cthake"]
[Black "cristiano78"]
[Result "1/2-1/2"]
[WhiteElo "1837"]
[BlackElo "2230"]
[TimeControl "180+1"]
[EndTime "16:04:59 PDT"]
[Termination "Game drawn by repetition"]

1. c4 Nf6 2. Nc3 g6 3. d3 Bg7 4.
e4 d6 5. g3 O-O 6. Bg2 c5 7. Nge2 Nc6 8. O-O Ne8 9. Be3 Nc7 10.
f4 Ne6 11. Qd2 Ned4 12. Rf2 Nxe2+ 13. Nxe2 Nd4 14. Raf1 Bg4 15. Nc1 Rb8 16. h3 Bd7 17.
Kh2 b5 18. b3 bxc4 19. dxc4 a5 20. Ne2 Nxe2 21. Qxe2 a4 22. bxa4 Qa5 23. f5 Qxa4 24.
fxg6 fxg6 25. Rxf8+ Rxf8 26. Rxf8+ Bxf8 27. Bg5 Be6 28. Bf1 h6 29. Bf4 Bg7 30. e5 g5 31. exd6 Kf7 32. Be5 Bxe5 33. Qxe5 Qxa2+ 34. Bg2 exd6 35. Qxd6 Qxc4 36. Qc7+ Kf6 37. Qd8+ Kg7 38. Qe7+ Bf7 39. Qe5+ Kf8 40. Qd6+ Kg7 41. Qe5+ Kf8 42. Qd6+ Kg8 43. Qd8+ Kg7 44. Qd6 Qd4 45. Qc7 c4 46. Qc6 c3 47.
Kh1 Qd1+ 48. Kh2 Qe1 49. Qc5 Qd2 50. Qe5+ Kf8 51. Qb8+ Ke7 52. Qe5+ Kd8 53. Qb8+ Ke7 54. Qe5+ Kf8 55. Qh8+ Ke7 56. Qe5+ 1/2-1/2

[Event "Late-Titled-Tuesday-Blitz-March-19-2024"]
[Site "Chess.com"]
[Date "2024.03.19"]
[Round "11"]
[White "DryCounty"]
[Black "yaguigor"]
[Result "0-1"]
[WhiteElo "2648"]
[BlackElo "2589"]
[TimeControl "180+1"]
[EndTime "16:05:01 PDT"]
[Termination "yaguigor won on time"]

1. e4 c5 2. Nf3 Nc6 3. d4 cxd4 4. Nxd4 Nf6 5. Nc3 e5 6. Ndb5 d6 7. Bg5 a6 8. Na3 b5 9. Nd5 Be7 10. Nxe7 Nxe7 11. Bd3 d5 12. exd5 Qxd5 13. Qd2 Bf5 14. O-O-O Bxd3 15. Qxd3 Qxa2 16. Bxf6 gxf6 17. Qd7+ Kf8 18.
Qd6 Qe6 19. Qb4 Kg7 20. Rd6 Qf5 21. Rd3 Ng6 22. Rf3 Qe6 23. h4 Rhd8 24. h5 Nf4 25.
Re1 Qd6 26. Qe4 h6 27. Kb1 Rac8 28. g3 Ne6 29. Qg4+ Ng5 30. Rd3 Qe6 31. Qd1 Rxd3 32. Qxd3 b4 33. f4 Nh7 34. fxe5 bxa3 35. exf6+ Qxf6 36. c3 Ng5 37. Rf1 Qe5 38. Rf5 Qe1+ 39. Ka2 Qe6+ 40. b3 Ne4 41. Qd4+ Kg8 42. Rf4 Nxc3+ 0-1

[Event "Late-Titled-Tuesday-Blitz-March-19-2024"]
[Site "Chess.com"]
[Date "2024.03.19"]
[Round "11"]
[White "Schattman"]
[Black "AsterPhoenix"]
[Result "0-1"]
[WhiteElo "2504"]
[BlackElo "2651"]
[TimeControl "180+1"]
[EndTime "16:05:03 PDT"]
[Termination "AsterPhoenix won on time"]

1. b3 c5 2. Bb2 d5 3. e3 Nf6 4. Nf3 g6 5. Be2 Bg7 6. O-O O-O 7. c4 Nc6 8. h3 d4 9. exd4 cxd4 10. d3 e5 11. Nfd2 Bf5 12. a3 a5 13. Qc2 Nd7 14. Bf3 Nc5 15. Ne4 Bxe4 16. Bxe4 Nxe4 17. dxe4 f5 18. Qd3 fxe4 19. Qxe4 Rf4 20. Qe2 e4 21. Qd1 Qf6 22. Nd2 Re8 23. f3 e3 24. Ne4 Qe5 25. Qd3 Rxe4 26. fxe4 Qxe4 27. Qxe4 Rxe4 28. Rfe1 d3 29.
Bxg7 Kxg7 30. Rad1 d2 31. Re2 Nd4 32. Rexd2 exd2 33. Rxd2 Nxb3 34. Rd7+ Kh6 35. Rxb7 Nc5 36. Rb5 Rxc4 37.
Rxa5 Kg7 38. Ra7+ Kg8 39. Rc7 Rc3 40. Kh2 Na4 41. Ra7 Rxa3 42. h4 h5 43. g3 Ra2+ 44. Kh3 Nc3 45. Rxa2 Nxa2 46. g4 Kg7 47. Kg3 Nc3 48.
Kf4 Kf6 49. g5+ Ke6 0-1

[Event "Late-Titled-Tuesday-Blitz-March-19-2024"]
[Site "Chess.com"]
[Date "2024.03.19"]
[Round "11"]
[White "Bugcrusher"]
[Black "Baronessa08"]
[Result "0-1"]
[WhiteElo "2475"]
[BlackElo "2594"]
[TimeControl "180+1"]
[EndTime "16:05:04 PDT"]
[Termination "Baronessa08 won by resignation"]

1. e4 c5 2. Nc3 Nc6 3. Bb5 Nd4 4.
Nf3 Nxb5 5. Nxb5 d6 6. d4 cxd4 7. Qxd4 Bd7 8. Nc3 Nf6 9. Bg5 e6 10. O-O-O h6 11. Bh4 Bc6 12. Rhe1 Be7 13. Bxf6 Bxf6 14.
Qxd6 Qxd6 15. Rxd6 Bxc3 16. bxc3 Ke7 17. Rd4 f6 18.
Kb2 g5 19. h4 Rad8 20. Rxd8 Rxd8 21. hxg5 hxg5 22. e5 Bxf3 23. exf6+ Kxf6 24. gxf3 Rd2 25. Rh1 Rxf2 26. Rh7 Rxf3 27. Rxb7 g4 28. Rxa7 g3 29. Ra8 Kg5 30. Rg8+ Kh4 31. a4 Rf5 32. Kb3 Rg5 33. Rh8+ Kg4 34. Rh1 g2 35. Rd1 Kf3 36. Kb4 Rh5 37.
Rd3+ Ke2 38. Rg3 Kf2 39. Rg8 g1=Q 40. Rxg1 Kxg1 41. a5 Kf2 42. a6 e5 43. c4 e4 44.
c5 e3 45. a7 Rh8 46. c6 e2 47. c7 e1=Q+ 0-1

[Event "Late-Titled-Tuesday-Blitz-March-19-2024"]
[Site "Chess.com"]
[Date "2024.03.19"]
[Round "11"]
[White "ChristopherYoo"]
[Black "Kampkatten"]
[Result "0-1"]
[WhiteElo "2943"]
[BlackElo "2854"]
[TimeControl "180+1"]
[EndTime "16:05:06 PDT"]
[Termination "Kampkatten won by resignation"]

1. d4 d5 2. c4 dxc4 3. Nf3 Nf6 4. e3 e6 5. Bxc4 c5 6. O-O a6 7. Be2 Nbd7 8. b3 b6 9. Bb2 Bb7 10. Nbd2 Be7 11. dxc5 Nxc5 12. Nc4 b5 13. Qxd8+ Rxd8 14. Na5 Bd5 15. Ne5 Rc8 16. Rac1 O-O 17. f3 Ba8 18.
Bd4 Nd5 19. Nac6 Bxc6 20. Bxc5 Bxc5 21. Rxc5 Bb7 22. Rfc1 Rxc5 23. Rxc5 Rc8 24. Rxc8+ Bxc8 25. Kf2 Nc3 26. a3 Kf8 27. e4 f6 28. Nc6 Ke8 29.
Ke3 Kd7 30. Na5 Nb1 31. Bd3 Nxa3 32. Kd4 Kd6 33. b4 e5+ 34. Kc3 Be6 35. Nb7+ Kc6 36. Nd8+ Kd7 37. Nxe6 Kxe6 38. Kb3 Nc4 39. Bxc4+ bxc4+ 40. Kxc4 Kd6 41. b5 axb5+ 42. Kxb5 Kd7 43. Kb6 Kd6 44.
g3 g6 45. h4 h5 46. g4 hxg4 47. fxg4 f5 48. gxf5 gxf5 49. h5 Ke7 50. h6 Kf7 51. exf5 e4 52. Kc5 e3 53. h7 Kg7 54. f6+ Kxh7 55. Kd6 e2 56. Ke7 e1=Q+ 57. Kf8 Qb4+ 58.
Ke8 Qe4+ 59. Kf8 Kg6 60. f7 Qe6 0-1

[Event "Late-Titled-Tuesday-Blitz-March-19-2024"]
[Site "Chess.com"]
[Date "2024.03.19"]
[Round "11"]
[White "egnfanclub"]
[Black "Vadim_Galchenko"]
[Result "0-1"]
[WhiteElo "2386"]
[BlackElo "2581"]
[TimeControl "180+1"]
[EndTime "16:05:06 PDT"]
[Termination "Vadim_Galchenko won on time"]

1. e4 e6 2. d4 d5 3. Nc3 Nf6 4. e5 Ne4 5. Nf3 Nxc3 6. bxc3 c5 7. Be2 Nc6 8. h4 Qa5 9. Bd2 c4 10. h5 h6 11. Rh3 Bd7 12. Rg3 Ne7 13. Nh4 Ba4 14.
f4 O-O-O 15. Qb1 Kb8 16. Bg4 Rc8 17. f5 Rc6 18. fxe6 fxe6 19. Rf3 Rb6 20. Qc1 Qb5 21.
Rf7 Qb2 22. Bd1 Be8 23. Rf2 g5 24. hxg6 Nxg6 25. Bh5 Nxh4 26. Bxe8 Be7 27. Bf7 Rf8 28. Qxb2 Rxb2 29. Bxe6 Rxf2 30. Kxf2 Rxc2 31. Ke1 Nxg2+ 32. Kd1 Rb2 33. Bxh6 Rf2 34. Rc1 Ba3 35. Rc2 Rf1+ 36. Ke2 Rh1 37. Kf2 Ne1 38. Bxd5 Nd3+ 39. Ke3 Rxh6 40. Bxc4 Rh3+ 41. Ke4 Ne1 42. Rf2 Rh4+ 43. Kd5 a6 44. Rf7 Nc2 45. Bd3 Ne3+ 46. Ke6 Bb2 47.
d5 Bxc3 48. d6 Ba5 49. Rf8+ Ka7 50. d7 Rd4 51. Bg6 Nc4 0-1

[Event "Late-Titled-Tuesday-Blitz-March-19-2024"]
[Site "Chess.com"]
[Date "2024.03.19"]
[Round "11"]
[White "Piotrek1979"]
[Black "rhungaski"]
[Result "0-1"]
[WhiteElo "2483"]
[BlackElo "2613"]
[TimeControl "180+1"]
[EndTime "16:05:07 PDT"]
[Termination "rhungaski won by checkmate"]

1. c4 Nf6 2. Nf3 g6 3. b3 Bg7 4. Bb2 O-O 5. e3 d6 6. Be2 e5 7. d3 Re8 8. Nbd2 Nbd7 9. Qc2 c6 10. O-O d5 11. cxd5 cxd5 12. Rfc1 e4 13. Nd4 a6 14. Qc7 Qe7 15. a4 h5 16. Ba3 Qe5 17. Qxe5 Nxe5 18. dxe4 Nxe4 19. Nxe4 dxe4 20. Bb2 Bg4 21. Bxg4 hxg4 22. Rc7 Nd3 23. Ba3 b5 24. Bd6 Rad8 25.
Bg3 Bxd4 26. exd4 Rxd4 27. axb5 axb5 28. h4 gxh3 29. Raa7 Rf8 30. gxh3 Rd5 31. Re7 Nc5 32. b4 Ne6 33. h4 Rf5 34. Rab7 Rd8 35. Kh2 Rd2 36.
Kh3 Rf3 37. Rxb5 Rdxf2 38. h5 g5 39. Rxe6 fxe6 40. Rxg5+ Kh7 41. Re5 Re2 42. Kg4 Rg2 43. Rxe6 Rgxg3+ 44. Kh4 Re3 45. b5 Rg7 46. b6 Re1 47. Rc6 Rh1# 0-1

[Event "Late-Titled-Tuesday-Blitz-March-19-2024"]
[Site "Chess.com"]
[Date "2024.03.19"]
[Round "11"]
[White "Korchmar_Vasiliy"]
[Black "Rawnsdale"]
[Result "0-1"]
[WhiteElo "2698"]
[BlackElo "2568"]
[TimeControl "180+1"]
[EndTime "16:05:08 PDT"]
[Termination "Rawnsdale won on time"]

1. e4 c6 2. d4 d5 3. exd5 cxd5 4. Bd3 Nc6 5. c3 Nf6 6. h3 g6 7. Nf3 Bg7 8. O-O O-O 9. Bf4 Nh5 10. Bh2 Bh6 11.
Re1 Nf4 12. Bf1 Qb6 13. Qb3 Na5 14. Qxb6 axb6 15. Na3 Be6 16. g3 Nxh3+ 17. Bxh3 Bxh3 18. Rxe7 Be6 19. Ne5 Rfd8 20. g4 Bf8 21. Rc7 Bd6 22. Nd3 Bxc7 23. Bxc7 Re8 24. Bxb6 Bxg4 25. Ne5 Be6 26.
Nb5 Nb3 27. Re1 Rxa2 28. Nc7 Rf8 29. Nd3 Bf5 30. Nb4 Rxb2 31. Ncxd5 Kg7 32. Kg2 Nd2 33. Kg3 Ne4+ 34. Kf3 Rxf2+ 35. Ke3 Rh2 36. Ne7 Rh3+ 37. Kf4 Rh4+ 38. Ke5 Nxc3 39. Nxf5+ gxf5 40. Kxf5 Nb5 41. Rg1+ Kh8 42. Bc5 Rg8 43. Re1 Nxd4+ 44. Bxd4+ Rxd4 0-1

[Event "Late-Titled-Tuesday-Blitz-March-19-2024"]
[Site "Chess.com"]
[Date "2024.03.19"]
[Round "11"]
[White "Aram7Adam"]
[Black "Kostukov_Alex"]
[Result "1-0"]
[WhiteElo "2437"]
[BlackElo "2279"]
[TimeControl "180+1"]
[EndTime "16:05:08 PDT"]
[Termination "Aram7Adam won on time"]

1. e4 c5 2. Nf3 g6 3. d4 cxd4 4. Nxd4 Bg7 5. c4 Nc6 6. Be3 Nf6 7. Nc3 Nxd4 8. Qxd4 Qa5 9. f3 O-O 10. Qd2 d6 11.
Be2 Be6 12. Nd5 Qxd2+ 13. Kxd2 Bxd5 14. cxd5 Nd7 15. Rab1 Rfc8 16. b4 a5 17. Bb5 Ne5 18.
bxa5 Rxa5 19. a4 Nc4+ 20. Ke2 Na3 21. Rbc1 Rb8 22. Bb6 Raa8 23. Bd7 Ra6 24. a5 Bb2 25. Rc7 Bf6 26. Kd3 Rba8 27. Rhc1 Rxa5 28. Rc8+ Kg7 29.
Bxa5 Rxa5 30. Rb8 b5 31. f4 Ra4 32. Bxb5 Rb4 33. g4 g5 34. fxg5 Bxg5 35. Ra1 Nxb5 36. Ra5 Rb3+ 37. Kc4 Rh3 38. Raxb5 Rxh2 39. Rb2 1-0

[Event "Late-Titled-Tuesday-Blitz-March-19-2024"]
[Site "Chess.com"]
[Date "2024.03.19"]
[Round "11"]
[White "grandcoach"]
[Black "Felix-Rose"]
[Result "0-1"]
[WhiteElo "2218"]
[BlackElo "2256"]
[TimeControl "180+1"]
[EndTime "16:05:08 PDT"]
[Termination "Felix-Rose won on time"]

1. e4 c5 2. b4 cxb4 3. a3 d5 4. exd5 Qxd5 5. Bb2 Nc6 6. axb4 Nxb4 7. Nc3 Qe5+ 8. Be2 Bf5 9. Nf3 Nxc2+ 10. Kf1 Qd6 11. Bb5+ Kd8 12. Ra4 Nf6 13. d3 Nb4 14. Ba3 Bxd3+ 15.
Bxd3 Qxd3+ 16. Qxd3+ Nxd3 17. Rd4+ Ke8 18. Rxd3 e6 19.
Bxf8 Rxf8 20. Ke2 Ke7 21. Rhd1 Rfc8 22. Ne5 a6 23. f4 Rc7 24. Kf3 b5 25. Ne4 Nd5 26.
Rxd5 exd5 27. Rxd5 f6 28. Nd3 Rd8 29. Rxd8 Kxd8 30. Ke3 Rc4 31. Nd6 Rc3 32. Nf5 g6 33. Nd6 b4 34. Ne4 Rc4 35. Nxf6 a5 36. Nxh7 a4 37. Nf8 a3 38. Ne6+ Ke7 39. Nd4 a2 0-1

[Event "Late-Titled-Tuesday-Blitz-March-19-2024"]
[Site "Chess.com"]
[Date "2024.03.19"]
[Round "11"]
[White "rodp92"]
[Black "BabageldiAnnaberdiyev"]
[Result "1-0"]
[WhiteElo "2517"]
[BlackElo "2614"]
[TimeControl "180+1"]
[EndTime "16:05:11 PDT"]
[Termination "rodp92 won by resignation"]

1. e4 c5 2. Nf3 d6 3. Bb5+ Bd7 4. Bxd7+ Qxd7 5. O-O Nc6 6. Re1 Rc8 7. c3 e5 8. d3 h6 9. a4 Nf6 10. Nbd2 Be7 11.
Nc4 O-O 12. h3 Rfe8 13. Ne3 Bf8 14. Nf5 Kh7 15. g4 d5 16. g5 Ng8 17. gxh6 gxh6 18.
Qe2 d4 19. Nh2 Nce7 20. Ng3 Qxh3 21. Qf3 f6 22. Ng4 Bg7 23. Bd2 h5 24. Nh2 h4 25.
Qh5+ Nh6 26. Bxh6 Bxh6 27. Ng4 Qxg4 28. Qxg4 hxg3 29. fxg3 Rg8 30. Qd7 Rg7 31. Kf2 Rf8 32.
Rh1 Ng8 33. Qf5+ Kh8 34. Rh3 Rg5 35. Qd7 Rg7 36. Qe6 Rh7 37. Rah1 Kg7 38. Ke2 b6 39.
Qg4+ Kh8 40. Qg6 Rff7 41. Rxh6 Nxh6 42. Rxh6 Rxh6 43. Qxh6+ Kg8 44. Qg6+ Kf8 45. g4 Ke7 46. g5 fxg5 47. Qxg5+ Ke6 48. Qg6+ Ke7 49. Qg8 dxc3 50.
bxc3 Kf6 51. Qd8+ Re7 52. Qd6+ Kf7 53. Qh6 Ke8 54. Ke3 Kd7 55. Qh3+ Kc7 56. Qf5 Kd6 57. d4 exd4+ 58. cxd4 cxd4+ 59. Kxd4 Kc7 60. e5 Rd7+ 61. Ke4 a6 62. e6 Re7 63. Ke5 b5 64. a5 b4 65. Qf8 Rh7 66. Qf7+ 1-0

[Event "Late-Titled-Tuesday-Blitz-March-19-2024"]
[Site "Chess.com"]
[Date "2024.03.19"]
[Round "11"]
[White "Jospem"]
[Black "nihalsarin"]
[Result "1-0"]
[WhiteElo "3070"]
[BlackElo "3153"]
[TimeControl "180+1"]
[EndTime "16:05:12 PDT"]
[Termination "Jospem won by resignation"]

1. e4 g6 2. d4 Bg7 3. Nf3 d6 4.
Bc4 Nc6 5. c3 Nf6 6. Nbd2 O-O 7.
O-O e5 8. dxe5 Nxe5 9. Nxe5 dxe5 10. Re1 Qe7 11. Nf3 Rd8 12. Qc2 h6 13. h3 c6 14. a4 Ne8 15. Be3 Nd6 16. Bb3 b6 17. a5 Rb8 18. axb6 axb6 19. Red1 Be6 20. Bxe6 Qxe6 21. b3 Bf8 22. Ra6 c5 23. Rd5 f6 24.
c4 Nf7 25. Qd3 Qc8 26. Ra7 Ra8 27. Rxd8 Qxd8 28. Qxd8 Rxd8 29. Nh4 Kg7 30. Bxh6+ Kxh6 31. Rxf7 Bg7 32. Rb7 Rd1+ 33. Kh2 Rd2 34. f3 Rb2 35. Rxb6 Kh5 36. Rb7 Bh6 37. Rh7 Rxb3 38. g3 Rc3 39.
Rh8 Rc2+ 40. Ng2 g5 41. Rg8 Bg7 42. Rxg7 Kh6 43. Rc7 Rc3 44. Rxc5 Rxf3 45. Rc6 Kg6 46. c5 Rc3 47. Rc8 Rc4 48. c6 Kg7 49. c7 Rc2 50.
Kg1 Rc3 51. Kf2 Rc2+ 52. Kf3 1-0

[Event "Late-Titled-Tuesday-Blitz-March-19-2024"]
[Site "Chess.com"]
[Date "2024.03.19"]
[Round "11"]
[White "MightyMike_009"]
[Black "TheRigos"]
[Result "1-0"]
[WhiteElo "2751"]
[BlackElo "2571"]
[TimeControl "180+1"]
[EndTime "16:05:12 PDT"]
[Termination "MightyMike_009 won by resignation"]

1. d4 Nf6 2. c4 c5 3. d5 b5 4. cxb5 a6 5. e3 e6 6. Nc3 Bb7 7. dxe6 fxe6 8. Nf3 d5 9. bxa6 Bxa6 10. Qa4+ Nfd7 11. Bb5 Bb7 12. Qg4 Qf6 13. O-O Nc6 14. e4 d4 15. Nd5 exd5 16. exd5 h5 17. Qh3 Be7 18. Bg5 Qd6 19. dxc6 Bxc6 20. Rfe1 Bxb5 21. Bxe7 Qxe7 22. Rxe7+ Kxe7 23. Re1+ Kd6 24. Ng5 Rhe8 25. Qg3+ Kc6 26. Qf3+ Kb6 27. Rxe8 Rxe8 28. h3 d3 29. Qf4 Ne5 30. Ne4 c4 31. Qe3+ Ka6 32. Nc5+ Ka5 33.
Qd4 Nc6 34. Qd7 Re1+ 35. Kh2 Kb6 36. Ne6 Rxe6 37. Qxe6 Kc5 38. Qf5+ Kb4 39. Qxh5 Ka4 40.
Qd1+ Kb4 41. Qd2+ Kc5 42. h4 Nd4 43. h5 Kd5 44. Kh3 Bd7+ 45. g4 Nf3 46. Qe3 Ne5 47. f3 Ke6 48. f4 1-0

[Event "Late-Titled-Tuesday-Blitz-March-19-2024"]
[Site "Chess.com"]
[Date "2024.03.19"]
[Round "11"]
[White "mirochka"]
[Black "Kavyev_Ruslan"]
[Result "1-0"]
[WhiteElo "2298"]
[BlackElo "2420"]
[TimeControl "180+1"]
[EndTime "16:05:12 PDT"]
[Termination "mirochka won on time"]

1. e4 c6 2. d4 d5 3. e5 Bf5 4.
Nf3 e6 5. Be2 c5 6. Be3 cxd4 7.
Nxd4 Bg6 8. O-O Nc6 9. Bb5 Rc8 10.
c4 a6 11. cxd5 axb5 12. dxc6 bxc6 13. Qf3 Ne7 14. Rc1 Qd7 15. Nd2 Nd5 16. Ne4 Be7 17. Nb3 Nxe3 18. Qxe3 Bxe4 19. Qxe4 O-O 20. Nc5 Bxc5 21.
Rxc5 Rfd8 22. g3 Rc7 23. Rac1 Rdc8 24. a3 g6 25. h4 h5 26. Kg2 Qd2 27. R1c2 Qd7 28.
g4 hxg4 29. Qxg4 Kf8 30. Qg5 Ke8 31. Qf6 Qe7 32. Qg7 Qf8 33. Qf6 Qe7 34. Kf3 Qxf6+ 35. exf6 Kd7 36. Rd2+ Ke8 37. Rd6 Kf8 38. Kg4 Ke8 39.
Kg5 Kf8 40. Kh6 Kg8 41. h5 gxh5 42. Rg5+ Kf8 43. Kh7 1-0

[Event "Late-Titled-Tuesday-Blitz-March-19-2024"]
[Site "Chess.com"]
[Date "2024.03.19"]
[Round "11"]
[White "Yurovskykh_Oleksandr"]
[Black "Heydarli77"]
[Result "0-1"]
[WhiteElo "2581"]
[BlackElo "2420"]
[TimeControl "180+1"]
[EndTime "16:05:15 PDT"]
[Termination "Heydarli77 won on time"]

1. d4 d5 2. Bf4 Nf6 3. e3 e6 4.
Nd2 Bd6 5. Bg3 c5 6. c3 Nc6 7.
Ngf3 O-O 8. Bb5 a6 9. Bxc6 bxc6 10. Ne5 Bxe5 11. Bxe5 cxd4 12. cxd4 Nd7 13. Bd6 Re8 14.
Qc2 Bb7 15. O-O Rc8 16. Nb3 e5 17. dxe5 Nxe5 18. Bxe5 Rxe5 19. Nc5 Re7 20. Rfd1 Qb6 21. Rd4 Rcc7 22. Qc3 Bc8 23. Rb4 Qa7 24. Rc1 h6 25. h3 Bf5 26. Qb3 Re8 27. Qa4 a5 28. Rb3 Rec8 29. Ra3 Qb6 30. b3 Ra7 31. Qd4 Rac7 32. Ra4 Qb5 33. Qd2 Ra7 34. Rf4 Bg6 35. Rd4 Rca8 36. Na4 Rc7 37. Rc5 Qb7 38. Rxa5 Rxa5 39. Qxa5 c5 40. Nxc5 Qc8 41. b4 Re7 42. Qb6 Kh7 43.
Rxd5 Qa8 44. Rd2 Qa3 45. Qd6 Qxb4 46. Qxe7 Qxd2 47. a4 Qe1+ 48. Kh2 Qxf2 49. Qe5 Qd2 50. Qd4 Qa5 51. Nb3 Qc7+ 52. Qf4 Qc2 53. Na5 Be4 0-1

[Event "Late-Titled-Tuesday-Blitz-March-19-2024"]
[Site "Chess.com"]
[Date "2024.03.19"]
[Round "11"]
[White "Dhaydon19"]
[Black "FaustinoOro"]
[Result "1-0"]
[WhiteElo "2683"]
[BlackElo "2833"]
[TimeControl "180+1"]
[EndTime "16:05:19 PDT"]
[Termination "Dhaydon19 won by checkmate"]

1. e4 e5 2. Nc3 Nf6 3. Nf3 Nc6 4. d4 exd4 5. Nxd4 Bb4 6. Nxc6 bxc6 7. Bd3 O-O 8. O-O d5 9. exd5 cxd5 10. Qf3 c6 11. h3 Be6 12. Qf4 Bd6 13. Qh4 Re8 14. Bg5 h6 15. Bf4 Be7 16. Qg3 Nh5 17. Qf3 Nxf4 18. Qxf4 Bf6 19. Rab1 Rb8 20. Na4 Qa5 21. b3 c5 22. Bf5 Rb4 23. Qf3 Qc7 24. Rfe1 Rf4 25.
Rxe6 fxe6 26. Qh5 Re7 27. Bg4 Re4 28. Qg6 c4 29. b4 Bd4 30. c3 Bb6 31. Nc5 Bxc5 32.
bxc5 Qe5 33. c6 Re1+ 34. Rxe1 Qxe1+ 35. Kh2 Qe5+ 36. g3 Qf6 37. Qb1 Qxf2+ 38. Kh1 Qb6 39. Qg6 Qxc6 40. Kh2 Qd6 41. Bf5 Qe5 42. Qh7+ Kf7 43. Bg6+ Kf6 44. h4 Qe2+ 45. Kh3 Qf1+ 46. Kh2 Rb7 47. Bc2 Qf2+ 48. Kh3 Ke5 49. Qg6 Qf6 50. Qg4 Kd6 51. Qe2 Qxc3 52. Qf2 Rb2 53. Qf8+ Ke5 54. Qf4# 1-0

[Event "Late-Titled-Tuesday-Blitz-March-19-2024"]
[Site "Chess.com"]
[Date "2024.03.19"]
[Round "11"]
[White "FairChess_on_YouTube"]
[Black "GMBenjaminBok"]
[Result "0-1"]
[WhiteElo "3135"]
[BlackElo "2982"]
[TimeControl "180+1"]
[EndTime "16:05:21 PDT"]
[Termination "GMBenjaminBok won by resignation"]

1. b3 d5 2. Ba3 Bf5 3. Nf3 Nf6 4. e3 Nbd7 5. c4 e6 6. Bxf8 Nxf8 7. Nc3 N8d7 8. Be2 h6 9. O-O O-O 10. d4 c6 11. b4 Qe7 12. Qb3 Ne4 13. Rfc1 Bg4 14. Qb2 Nxc3 15. Rxc3 Bxf3 16. Bxf3 Nb6 17. Qb3 Nxc4 18.
Be2 b5 19. a4 a5 20. axb5 axb4 21. Rcc1 cxb5 22. Rab1 Ra4 23. Qd1 Rfa8 24. Qe1 Ra2 25.
Bd3 Nd2 26. Ra1 b3 27. h4 g6 28. h5 gxh5 29. Qd1 Rxa1 30. Rxa1 Rxa1 31. Qxa1 Qb4 32.
Qa8+ Kg7 33. Qb8 Ne4 34. Qe5+ Nf6 35. Qg3+ Ng4 36. f3 Qd2 37. fxg4 Qxd3 38. gxh5+ Kh7 39. Qc7 Qf5 40. Qc3 Qxh5 41. Qxb3 Qe2 42. Kh2 Kg7 43.
Qc3 Qc4 44. Qe1 Qc7+ 45. Qg3+ Qxg3+ 46. Kxg3 b4 47. Kf3 b3 48. Ke2 b2 49. Kd2 b1=Q 0-1

[Event "Late-Titled-Tuesday-Blitz-March-19-2024"]
[Site "Chess.com"]
[Date "2024.03.19"]
[Round "11"]
[White "jaramsdal"]
[Black "tarno17"]
[Result "0-1"]
[WhiteElo "2261"]
[BlackElo "2195"]
[TimeControl "180+1"]
[EndTime "16:05:21 PDT"]
[Termination "tarno17 won on time"]

1. Nf3 d5 2. g3 Nd7 3. d4 Ngf6 4. Bg2 e6 5. O-O b6 6. c4 Ba6 7. Ne5 Bb7 8. Nc3 c6 9. f4 Be7 10. g4 Nxe5 11. fxe5 Nxg4 12. e4 Nh6 13. Bxh6 gxh6 14. exd5 cxd5 15. cxd5 Bxd5 16. Nxd5 exd5 17. Qh5 Rf8 18. e6 Qd6 19. exf7+ Kd8 20. Qxd5 Qxd5 21. Bxd5 Rc8 22. Rac1 Rxc1 23. Rxc1 Bd6 24. Be6 Ke7 25. d5 Bc5+ 26. Kg2 Kf6 27. Rf1+ Ke5 28. Kg3 h5 29.
Kh4 Bd4 30. b3 a5 31. Kxh5 Bc5 32. Rf5+ Ke4 33. Kh6 Ra8 34. Kxh7 a4 35. bxa4 Rf8 36. h4 Bd4 37. Kg6 Bc5 38. h5 Bd4 39. h6 Bc5 40. Rh5 Rh8 41. h7 Rf8 42. h8=Q Rxh8 43. Rxh8 Bd4 44. Rh4+ Ke5 45. Rxd4 b5 0-1

[Event "Late-Titled-Tuesday-Blitz-March-19-2024"]
[Site "Chess.com"]
[Date "2024.03.19"]
[Round "11"]
[White "KetiTsatsalashvili"]
[Black "ZachHKL"]
[Result "0-1"]
[WhiteElo "2447"]
[BlackElo "2244"]
[TimeControl "180+1"]
[EndTime "16:05:23 PDT"]
[Termination "ZachHKL won by checkmate"]

1. d4 d5 2. Nf3 Nf6 3. e3 Bg4 4. c4 c6 5. cxd5 cxd5 6. Qb3 Qc8 7. Nc3 e6 8. Ne5 Bf5 9. Bb5+ Nc6 10. Qa4 a6 11. Bxc6+ bxc6 12. Qxc6+ Qxc6 13. Nxc6 Nd7 14. O-O Bd6 15. Na5 O-O 16. Nb3 a5 17. Na4 Bd3 18. Re1 Bb5 19. Nac5 a4 20. Nxd7 Bxd7 21. Nd2 Rfc8 22.
Rd1 Rc2 23. a3 Rb8 24. Nb1 Rb3 25. Nd2 Rd3 26. Kf1 Bb5 27. Ke1 Bc7 28. Nb1 Rxd1+ 29.
Kxd1 Rxf2 30. Nc3 Bd3 31. Bd2 Rxg2 32. Nxa4 Bxh2 33. Rc1 h5 34. Rc8+ Kh7 35. Nc5 Be2+ 36. Kc2 h4 37. Nd7 Bd6 38. Rc6 h3 39. Rxd6 h2 40.
Nf8+ Kg8 41. Rd8 h1=Q 42. Ng6+ Kh7 43. Rh8+ Kxg6 44. Rxh1 Kf5 45. a4 Ke4 46. b4 Bd3+ 47. Kc3 g5 48. b5 g4 49. Rh7 Rg1 50. Rxf7 e5 51. Re7 Bc4 52. Rxe5+ Kf3 53. b6 Rb1 54. a5 Ke2 55. Rg5 Kd1 56. Rxg4 Rb3# 0-1

[Event "Late-Titled-Tuesday-Blitz-March-19-2024"]
[Site "Chess.com"]
[Date "2024.03.19"]
[Round "11"]
[White "Redzishchess"]
[Black "EcosseKillie"]
[Result "1-0"]
[WhiteElo "2484"]
[BlackElo "2319"]
[TimeControl "180+1"]
[EndTime "16:05:23 PDT"]
[Termination "Redzishchess won on time"]

1. d4 Nc6 2. Nf3 d5 3. b3 Bg4 4. Bb2 Bxf3 5. exf3 Nf6 6. Bd3 g6 7. O-O Bg7 8. a3 O-O 9. Nd2 a6 10. Re1 Re8 11. Nf1 Nh5 12. c3 e5 13. dxe5 Nxe5 14. Bc2 c6 15. Qd2 Qd7 16. Ng3 Nxg3 17. hxg3 f5 18. Re2 Nf7 19. Rae1 Nd6 20. a4 Rxe2 21. Rxe2 Re8 22. Bd3 Rxe2 23. Qxe2 b5 24. Qd2 Qe6 25. Ba3 Nf7 26. Qf4 Ne5 27. Bf1 h6 28. Bc5 g5 29. Qb4 Nd7 30. Bd4 Bf8 31. Qa5 c5 32. Be3 c4 33. axb5 axb5 34. Qxb5 cxb3 35.
Qxb3 Bc5 36. Bxc5 Nxc5 37. Qb8+ Kg7 38. f4 Ne4 39. fxg5 hxg5 40. Qa7+ Kg6 41. Qd4 Qc6 42. c4 dxc4 43. Bxc4 1-0